 Dungeon Crawl Stone Soup version 0.21-a0-404-g291f19a (webtiles) character file.

252 GordonOverkill the Chiller (level 6, -1/37 HPs)
             Began as a Gargoyle Ice Elementalist on Oct 27, 2017.
             Slain by an ogre
             ... wielding a +0 giant club
              (16 damage)
             ... on level 4 of the Dungeon.
             The game lasted 00:16:45 (4397 turns).

GordonOverkill the Chiller (GrIE)                   Turns: 4397, Time: 00:16:46

Health: -1/37      AC:  8    Str: 11    XL:     6   Next: 13%
Magic:  4/11       EV: 12    Int: 18    God:
Gold:   177        SH:  0    Dex: 10    Spells: 4/11 levels left

rFire    . . .     SeeInvis .   h - +2 dagger (venom)
rCold    . . .     Gourm    .   (no shield)
rNeg     + . .     Faith    .   a - +0 robe
rPois    ∞         Spirit   .   D - +1 helmet
rElec    +         Reflect  .   (no cloak)
rCorr    .         Harm     .   (no gloves)
MR       .....                  (no boots)
Stlth    ++........             (no amulet)
HPRegen  0.12/turn              (no ring)
MPRegen  0.12/turn              (no ring)

@: no status effects
A: negative energy resistance 1, electricity resistance, unbreathing,
petrification resistance, rot immunity, AC +4
a: no special abilities


You were on level 4 of the Dungeon.
You were not hungry.

You visited 1 branch of the dungeon, and saw 4 of its levels.

You collected 177 gold pieces.

Inventory:

Hand Weapons
 h - a +2 dagger of venom (weapon)
 u - a cursed -2 short sword
 y - a cursed -3 dagger
Armour
 a - a +0 robe (worn)
 D - a +1 helmet (worn)
Jewellery
 s - an uncursed ring of fire {unknown}
 w - an uncursed ring of protection from fire {unknown}
 x - a cursed ring of teleportation {unknown}
 B - an uncursed amulet of rage {unknown}
Scrolls
 d - 2 scrolls of fear {unknown}
 f - a scroll of random uselessness {unknown}
 m - 3 scrolls of fog {unknown}
 n - 2 scrolls of noise {unknown}
 o - 2 scrolls of identify {unknown}
 p - 3 scrolls of remove curse {unknown}
 r - 3 scrolls of amnesia {unknown}
 v - a scroll of magic mapping {unknown}
 z - 3 scrolls of teleportation {unknown}
Potions
 e - 2 potions of invisibility {unknown}
 g - 2 potions of curing {unknown}
 j - a potion of brilliance {unknown}
 l - a potion of magic {unknown}
 t - 2 potions of lignification {unknown}
 A - a potion of berserk rage {unknown}
 E - a potion of agility {unknown}
 F - a potion of degeneration {unknown}
Books
 b - a book of Frost

   Spells                             Type                      Level
   a - Freeze                         Ice                          1
   b - Throw Frost                    Conjuration/Ice              2
   c - Ozocubu's Armour               Charms/Ice                   3
   d - Throw Icicle                   Conjuration/Ice              4
   e - Summon Ice Beast               Ice/Summoning                4
Comestibles
 c - 5 bread rations
 i - 8 fruits
 k - 6 chunks of flesh
 q - 3 royal jellies
 C - a meat ration


   Skills:
 + Level 3.1 Fighting
 - Level 1.5 Dodging
 - Level 2.1 Stealth
 + Level 3.3 Spellcasting
 + Level 2.9 Conjurations
 + Level 4.2 Ice Magic


You had 4 spell levels left.
You knew the following spells:

 Your Spells              Type           Power        Failure   Level  Hunger
a - Freeze                Ice            ###.         2%          1    None
b - Throw Frost           Conj/Ice       ###...       5%          2    ##.....
c - Throw Icicle          Conj/Ice       ###.....     34%         4    ####...


Dungeon Overview and Level Annotations

Branches:
Dungeon (4/15)
 Temple: D:4-7

Altars:
Elyvilon
Hepliaklqana
Kikubaaqudgha
Okawaru
Qazlal
Ru
Wu Jian
Yredelemnul
The Shining One


Innate Abilities, Weirdness & Mutations

You are resistant to torment.
Your stone body is resilient. (AC +4)
You are immune to poison.
You resist negative energy. (rN+)
You are resistant to electric shocks. (rElec)
You can survive without breathing.
You are immune to petrification.
You are immune to rotting.


Message History

The ogre is moderately wounded.
Casting: Freeze
Confirm with . or Enter, or press ? or * to list all spells.
Aiming: Freeze
Press: ? - help, Shift-Dir - straight line, f/p - ogre
Aim: an ogre, wielding a giant club (moderately wounded)
You freeze the ogre.
The ogre is heavily wounded.
The ogre hits you with a giant club!!
Ouch! That really hurt!
Unknown command.
Casting: Freeze
Confirm with . or Enter, or press ? or * to list all spells.
Aiming: Freeze
Press: ? - help, Shift-Dir - straight line, f/p - ogre
Aim: an ogre, wielding a giant club (heavily wounded)
You freeze the ogre.
The ogre is heavily wounded.
The ogre hits you with a giant club!
You die...

#.#### #.# ###..
#+# #.... #...?.
#..... ##
##....### ..
#.......##.##...
........Oo......
....##@##.###.. .
#.##.# # # #.##.#
#.##.##.# #+#####
#.......#
#.....#######.####
........#####.#
..#...........#
....#.#.#######


You could see an ogre and an orc wizard.

Vanquished Creatures
  A hound (D:4)
  An orc wizard (D:3)
  A worker ant (D:4)
  6 adders
  2 oozes
  An adder zombie (D:4)
  2 worms (D:3)
  2 dart slugs
  A leopard gecko (D:3)
  3 orcs (D:3)
  4 ball pythons
  14 bats
  5 giant cockroaches
  9 hobgoblins
  7 jackals
  3 quokkas
  5 frilled lizards
  7 goblins
  9 kobolds
  8 rats
91 creatures vanquished.

Notes
Turn   | Place    | Note
-------+----------+-------------------------------------------
     0 | D:1      | GordonOverkill the Gargoyle Ice Elementalist began the quest for the Orb.
     0 | D:1      | Reached XP level 1. HP: 10/10 MP: 3/3
   228 | D:1      | Reached XP level 2. HP: 16/16 MP: 3/5
   372 | D:1      | Reached skill level 1 in Fighting
   808 | D:1      | Reached XP level 3. HP: 20/20 MP: 3/6
  1095 | D:1      | Learned a level 2 spell: Throw Frost
  1937 | D:2      | Reached XP level 4. HP: 26/26 MP: 4/8
  2495 | D:3      | Found an ornate altar of the Wu Jian Council.
  2495 | D:3      | Found a basalt altar of Yredelemnul.
  2496 | D:3      | Found an ancient bone altar of Kikubaaqudgha.
  2496 | D:3      | Found an iron altar of Okawaru.
  2496 | D:3      | Found a white marble altar of Elyvilon.
  2516 | D:3      | Found a stormy altar of Qazlal.
  2517 | D:3      | Found a hazy altar of Hepliaklqana.
  2681 | D:3      | Found a sacrificial altar of Ru.
  2690 | D:3      | Reached XP level 5. HP: 28/31 MP: 2/9
  2867 | D:3      | Found a glowing golden altar of the Shining One.
  3143 | D:3      | Learned a level 4 spell: Throw Icicle
  3200 | D:3      | Reached skill level 4 in Ice Magic
  4191 | D:4      | Reached XP level 6. HP: 31/37 MP: 3/11
  4397 | D:4      | Slain by an ogre

Vault maps used:
D:1:      evilmike_arrival_hilbert_curve, minmay_misc_feat_tiny,
          minmay_distorted
D:3:      nicolae_ru_great_annihilating_truth, nicolae_overflow_crystal_walls,
          grunt_temple_overflow_open
D:4:      first_bread

Skill      XL: |  1  2  3  4  5 |
---------------+----------------+-----
Fighting       | 1 2 3 |  3.1
Conjurations   | 2 |  2.9
Spellcasting   | 3 |  3.3
Ice Magic      | 4 |  4.2
Dodging        | |  1.5
Stealth        | |  2.1

Action                   |  1- 3 |  4- 6 || total
-------------------------+-------+-------++-------
Melee: Unarmed           |     8 |       ||     8
       Whip              |     7 |       ||     7
       Dagger            |    15 |    20 ||    35
 Cast: Freeze            |    43 |   100 ||   143
       Throw Frost       |       |     3 ||     3
 Stab: Sleeping          |     1 |     1 ||     2
  Eat: Chunk             |     4 |     7 ||    11
Armor: Robe              |    31 |    22 ||    53
Dodge: Dodged            |    36 |    80 ||   116

Table legend:
 A = Spawn XP
 B = Non-spawn XP
 C = Spawn XP percentage of total XP
 D = Spawn monster count
 E = Non-spawn monster count
 F = Spawn count percentage of total count
 G = Total turns spent on level
                    A         B        C        D         E        F      G
               +---------+---------+-------+---------+---------+-------+---------
         Total |       0 |     360 |   0.0 |       0 |      91 |   0.0 |  4397
               +---------+---------+-------+---------+---------+-------+---------
           D:1 |       0 |      48 |   0.0 |       0 |      26 |   0.0 |  1451
           D:2 |       0 |      64 |   0.0 |       0 |      18 |   0.0 |   915
           D:3 |       0 |     108 |   0.0 |       0 |      32 |   0.0 |  1310
           D:4 |       0 |     140 |   0.0 |       0 |      15 |   0.0 |   721
               +---------+---------+-------+---------+---------+-------+---------
